 Dungeon Crawl Stone Soup version 0.19.1 (console) character file.

93 Jesseh the Firebug (level 4, -20/33 HPs)
             Began as a Draconian Fire Elementalist on Nov 23, 2016.
             Demolished by an ogre
             ... wielding a +0 giant club
              (21 damage)
             ... on level 3 of the Dungeon.
             The game lasted 00:14:02 (2576 turns).

Jesseh the Firebug (Draconian Fire Elementalist)    Turns: 2576, Time: 00:14:02

Health: -20/33     AC:  6    Str: 11    XL:     4   Next: 37%
Magic:  4/7        EV: 12    Int: 16    God:
Gold:   77         SH:  0    Dex: 11    Spells: 2 memorised, 3 levels left

rFire  . . .     SeeInvis .     j - +0 dagger
rCold  . . .     Gourm    .     (armour unavailable)
rNeg   . . .     Faith    .     (no shield)
rPois  .         Spirit   .     (helmet restricted)
rElec  .         Reflect  .     (no cloak)
rCorr  .         Harm     .     c - +0 pair of gloves
MR     .....                    (no boots)
Stlth  ++........               (no amulet)
                                (no ring)
                                (no ring)

@: no status effects
A: unfitting armour, cold-blooded, AC +5
a: no special abilities


You were on level 3 of the Dungeon.
You were hungry.

You visited 1 branch of the dungeon, and saw 3 of its levels.

You collected 77 gold pieces.

Inventory:

Hand Weapons
 j - a +0 dagger (weapon)
   (You took it off a goblin on level 2 of the Dungeon)
Armour
 c - a +0 pair of gloves (worn)
   (You found it on level 1 of the Dungeon)
Wands
 o - a wand of digging (12/24)
   (You found it on level 3 of the Dungeon)
Scrolls
 f - a scroll of identify
 g - a scroll of recharging {unknown}
 h - a scroll of teleportation {unknown}
 i - 2 scrolls of remove curse
 m - a scroll of immolation {unknown}
 q - a scroll of random uselessness {unknown}
Potions
 e - a potion of degeneration
 l - a potion of flight
 n - a potion of lignification
 p - a potion of brilliance {unknown}
Books
 a - a book of Flames
Comestibles
 b - 2 bread rations
 d - 2 meat rations
 k - 2 chunks of flesh


   Skills:
 - Level 1.7 Dodging
 - Level 1.7 Stealth
 - Level 2.2 Spellcasting
 * Level 3.3 Conjurations
 + Level 3.7 Fire Magic


You had 3 spell levels left.
You knew the following spells:

 Your Spells              Type           Power        Failure   Level  Hunger
a - Flame Tongue          Conj/Fire      ##...        6%          1    #......
b - Conjure Flame         Conj/Fire      ##......     14%         3    ###....


Dungeon Overview and Level Annotations

Branches:
Dungeon (3/15)

Altars:
Cheibriados
Fedhas
Okawaru
Uskayaw

Annotations:
D:3 Grinder


Innate Abilities, Weirdness & Mutations

Your plain brown scales are hard. (AC +5)
You cannot fit into any form of body armour.
You are cold-blooded and may be slowed by cold attacks.


Message History

Aim: a rat (resting)
You miscast Flame Tongue.
You are very lightly contaminated with residual magic.
Nothing appears to happen.
Aim: a rat (resting)
The flame tongue hits the rat.
You kill the rat!
You see here a rat corpse.
You butcher the rat corpse.
k - 4 chunks of flesh (gained 1)
A rat comes into view.
Some of the chunks of flesh in your inventory have rotted away.
Aim: a rat (resting)
The flame tongue hits the rat.
You kill the rat!
You can't see any susceptible monsters within range! (Use Z to cast anyway.) Unknown command.
You see here a rat corpse.
You butcher the rat corpse.
k - 3 chunks of flesh (gained 1) As you open the door, it creaks loudly!
Your magical contamination has completely faded away.
There is an open door here.
d - 2 meat rations (gained 1)
You open the door.
There is an open door here.
Found a stone staircase leading up.
i - 2 scrolls of remove curse (gained 1)
o - a wand of digging
p - a bubbling cyan potion Some of the chunks of flesh in your inventory have rotted away.
You now have 77 gold pieces (gained 10).
Found a stone staircase leading down.
A giant cockroach comes into view.
The giant cockroach moves out of view.
You can't see any susceptible monsters within range! (Use Z to cast anyway.)
The giant cockroach is too close now for your liking.
Aim: a giant cockroach (clinging)
The flame tongue hits the giant cockroach.
You kill the giant cockroach!
There is an open door here.
Grinder comes into view.
You see here a scroll labeled DITZUZ KUCLUC.
q - a scroll labeled DITZUZ KUCLUC Grinder shouts!
There is an open door here.
Grinder blinks!
There is an open door here.
An ogre comes into view. It is wielding a giant club.
Grinder blinks!
Grinder grins, showing sharp teeth.
Aim: Grinder The flame tongue hits Grinder.
Grinder blinks!
Aim: Grinder (lightly wounded)
The flame tongue hits Grinder.
Aim: Grinder (lightly wounded)
The flame tongue hits Grinder.
Aim: Grinder (moderately wounded)
The flame tongue misses Grinder.
Grinder hits you.
You writhe in agony.
Aim: Grinder (moderately wounded)
You miscast Flame Tongue.
You are very lightly contaminated with residual magic.
Nothing appears to happen.
Grinder hits you.
You writhe in agony.
Grinder gestures at you.
You suddenly lose the ability to move!
Grinder gestures at you. Pain shoots through your body!
You can move again.
Grinder hits you.
You writhe in agony.
Grinder gestures at you.
You suddenly lose the ability to move!
Grinder gestures at you. You resist with significant effort.
Grinder gestures at you.
You shrug off the repeated paralysis!
You can move again.
Grinder gestures at you. You resist with significant effort.
Aim: Grinder (moderately wounded)
The flame tongue hits Grinder.
Aim: Grinder (heavily wounded)
The flame tongue hits the ogre.
You are feeling hungry.
The ogre misses you.
A bat comes into view.
The bat closely misses you. The bat misses you.
The bat hits you but does no damage.
Grinder blinks!
The bat barely misses you.
Your magical contamination has completely faded away.
The ogre closely misses you.
Grinder blinks!
The ogre barely misses you. The ogre misses you.
The ogre hits you with a giant club!
Ouch! That really hurt!
* * * LOW HITPOINT WARNING * * *
Grinder blinks!
The ogre hits you with a giant club!!
Ouch! That really hurt!
You die...

▒>......................
▒.▒.▒..<.O.....▒▒▒▒▒▒.▒▒
▒.▒.▒..▒▒▒▒.▒▒.▒▒▒▒▒▒.▒▒▒▒▒
▒.▒.▒.......▒▒......?......
▒.▒.▒▒...▒▒▒▒▒....b..▒▒▒▒▒▒
▒.▒......▒▒▒▒▒.......▒ ▒..
▒.▒▒▒▒▒..............▒ ▒.▒
▒▒▒▒.▒▒▒▒▒▒.▒▒▒▒▒▒......▒ ▒.▒
▒............dOb..5.....▒ ▒.▒
▒.▒▒.▒▒▒▒▒▒.▒▒▒▒▒▒▒+▒▒▒▒▒ ▒.▒
▒▒▒▒.▒▒.▒ ▒........ ▒▒▒▒▒▒▒.▒
.....▒▒.▒▒▒▒▒▒▒▒▒▒▒▒▒▒▒▒▒........
.▒▒▒▒▒▒.▒......(..........▒▒▒▒▒.▒
........▒.▒▒......)▒▒▒▒▒▒▒▒▒▒▒▒.▒
......▒....▒.......'.....)......▒
▒▒▒▒▒.▒.▒..▒.......▒▒▒▒▒▒▒▒▒▒▒▒▒▒
▒.....▒.▒..▒.......▒


You could see Grinder, an ogre and a bat.

Vanquished Creatures
  A gnoll (D:2)
  2 adders (D:2)
  2 oozes
  A worm (D:3)
  3 leopard geckos
  An orc (D:3)
  6 bats
  5 giant cockroaches
  8 goblins
  6 hobgoblins
  5 frilled lizards
  5 kobolds
  5 rats
50 creatures vanquished.

Notes
Turn   | Place    | Note
-------+----------+-------------------------------------------
     0 | D:1      | Jesseh the Draconian Fire Elementalist began the quest for the Orb.
     0 | D:1      | Reached XP level 1. HP: 14/14 MP: 3/3
    16 | D:1      | Found a snail-covered altar of Cheibriados.
   242 | D:1      | Reached XP level 2. HP: 19/20 MP: 0/5
   585 | D:1      | Reached skill level 2 in Conjurations
   773 | D:2      | HP: 5/20 [hobgoblin/club (1)]
   776 | D:2      | HP: 1/20 [hobgoblin/club (2)]
  1107 | D:2      | Reached XP level 3. HP: 26/26 MP: 3/6
  1112 | D:2      | Learned a level 3 spell: Conjure Flame
  1274 | D:2      | Found a blossoming altar of Fedhas.
  1313 | D:2      | Found a hide-covered altar of Uskayaw.
  1584 | D:2      | HP: 6/26 [poisoned by an adder]
  1844 | D:2      | Found an iron altar of Okawaru.
  1853 | D:2      | Reached skill level 3 in Conjurations
  1868 | D:2      | Reached XP level 4. HP: 33/33 MP: 0/7
  2528 | D:3      | Noticed Grinder
  2535 | D:3      | Noticed an ogre
  2546 | D:3      | Paralysed by Grinder for 2 turns
  2551 | D:3      | Paralysed by Grinder for 4 turns
  2572 | D:3      | HP: 1/33 [ogre/giant club (17)]
  2576 | D:3      | Demolished by an ogre

Skill      XL: |  1  2  3 |
---------------+----------+-----
Conjurations   | 2 3 |  3.3
Dodging        | |  1.7
Stealth        | |  1.7
Spellcasting   | |  2.2
Fire Magic     | |  3.7

Action                   |  1- 3 |  4- 6 || total
-------------------------+-------+-------++-------
Melee: Unarmed           |    10 |       ||    10
       Tailslap          |     5 |       ||     5
       Dagger            |    37 |    16 ||    53
 Cast: Flame Tongue      |    68 |    24 ||    92
  Use: Scroll            |       |     4 ||     4
  Eat: Chunk             |     4 |     2 ||     6
Armor: Skin              |    22 |     4 ||    26
Dodge: Dodged            |    45 |    16 ||    61

Vault maps used:
D:1:      minmay_arrival_stone_box, hex_tiny, cheibriados_altar_1
D:2:      nicolae_overflow_hidden_temple, old_standard_altar,
          okawaru_altar_gauntlet_db
D:3:      uniq_robin, uniq_sigmund, uniq_jessica, uniq_grinder

Table legend:
 A = Turns spent in this place as a percentage of turns spent in the entire game.
 B = Non-inter-level travel turns spent in this place as a percentage of non-inter-level travel turns spent in the entire game.
 C = Inter-level travel turns spent in this place as a percentage of turns spent in this place.
 D = Turns resting spent in this place as a percentage of non-inter-level travel turns spent in this place.
 E = Turns spent auto-exploring this place as a percentage of non-inter-level travel turns spent in this place.
 F = Non-inter-level travel turns spent in this place divided by the number of levels of this place that you've seen.
                   A       B       C       D       E      F
               +-------+-------+-------+-------+-------+----------------------
         Total | 100.0 | 100.0 |   0.3 |   3.4 |   7.7 | 226.3
       Dungeon | 100.0 | 100.0 |   0.3 |   3.4 |   7.7 | 226.3
               +-------+-------+-------+-------+-------+----------------------

Table legend:
 A = Kills in this place as a percentage of kills in entire the game.
 B = Kills by you in this place as a percentage of kills by you in the entire game.
 C = Kills by friends in this place as a percentage of kills by friends in the entire game.
 D = Other kills in this place as a percentage of other kills in the entire game.
 E = Experience gained in this place as a percentage of experience gained in the entire game.
 F = Experience gained in this place divided by the number of levels of this place that you have seen.
                   A       B       C       D       E      F
               +-------+-------+-------+-------+-------+----------------------
         Total | 100.0 | 100.0 |  -nan |  -nan | 100.0 |  44.7
       Dungeon | 100.0 | 100.0 |  -nan |  -nan | 100.0 |  44.7
               +-------+-------+-------+-------+-------+----------------------
